Map: King Sejong Station LE

Players

Pokebunny - Winner!

  • Race: Terran Terran
  • League: Master

desRow

  • Race: Protoss Protoss

VOD

Have the link to the VOD?

Description

Marine Tank +1

Time

  • Played on: Aug. 13, 2016, 5:11 p.m.
  • Length: 17:41
Show
View Real Time Build Order
Export as new Build Order

Pokebunny Terran - Winner!

Build Orders: Reaper Expand, MMM Bio 

Get SALT Encoding   

  12  0:00  SCV  
  13  0:12  SCV  
  14  0:17  Supply Depot  
  14  0:24  SCV  
  15  0:38  SCV  
  15  0:39  Barracks  
  16  0:44  Refinery  
  16  0:50  SCV  
  17  1:03  SCV  
  18  1:15  SCV  
  19  1:27  Orbital Command  
  19  1:28  Reaper  
  20  1:41  Command Center  
  20  1:48  Supply Depot  
  20  1:53  SCV  
  21  1:58  Refinery  
  21  2:01  Barracks Reactor  
  21  2:05  SCV  
  22  2:13  Barracks  
  22  2:17  SCV  
  23  2:24  Factory  
  23  2:29  SCV  
  24  2:38  Marine x2  
  24  2:41  SCV  
  27  2:53  Orbital Command, SCV  
  27  2:56  Marine x2  
  30  3:01  Barracks Tech Lab  
  30  3:07  SCV  
  30  3:10  Starport  
  31  3:13  Factory Tech Lab  
  31  3:15  Marine  
  31  3:16  Marine  
  34  3:20  SCV  
  34  3:23  Combat Shields  
  34  3:27  Marine  
  34  3:30  SCV  
  34  3:32  SCV  
  37  3:36  Siege Tank  
  40  3:42  Supply Depot  
  40  3:43  Marine x2  
  42  3:50  Medivac, SCV  
  42  3:51  SCV  
  46  4:00  Supply Depot  
  46  4:03  Marine  
  46  4:06  SCV x2  
  49  4:14  Marine x2  
  49  4:16  Siege Tank  
  53  4:21  Marine  
  53  4:24  SCV x2  
  56  4:25  Supply Depot  
  56  4:28  Engineering Bay  
  56  4:30  Medivac  
  58  4:38  Marine x2  
  58  4:39  Marine  
  58  4:42  Supply Depot  
  58  4:43  SCV  
  62  4:47  SCV, Refinery  
  62  4:50  Stimpack  
  63  4:55  SCV  
  63  4:59  SCV  
  62  5:12  Marine x3  
  62  5:14  SCV x2  
  65  5:15  Factory Reactor  
  65  5:17  Starport Reactor  
  65  5:18  Barracks  
  65  5:21  Barracks x2  
  64  5:26  SCV x2  
  63  5:38  SCV x2  
  65  5:48  Marine  
  65  5:49  Marine x2  
  65  5:52  Bunker  
  65  5:53  SCV x2, Terran Infantry Weapons Level 1  
  65  5:54  Missile Turret  
  67  5:58  Medivac x2  
  67  6:02  Supply Depot x2  
  71  6:06  Marauder  
  71  6:11  Barracks Tech Lab  
  73  6:13  SCV x2, Marine  
  73  6:14  Marine  
  73  6:15  Liberator  
  73  6:16  Marine  
  78  6:20  Supply Depot  
  78  6:23  Marine, Marauder, Refinery  
  81  6:26  SCV x2  
  81  6:28  Marauder  
  81  6:32  Marauder  
  90  6:34  Supply Depot  
  90  6:35  Supply Depot, Liberator  
  90  6:36  Marine x2  
  90  6:37  Marine  
  93  6:43  SCV x2  
  95  6:47  Marine  
  95  6:48  Marauder  
  95  6:49  Marauder  
  102  6:56  Marauder  
  102  6:57  Marine x3  
  102  7:01  Supply Depot, Concussive Shells  
  107  7:02  Supply Depot, Liberator  
  107  7:14  Marine  
  106  7:15  Marauder  
  106  7:16  Marine, Marauder  
  106  7:18  Marauder  
  106  7:19  Liberator  
  113  7:23  Supply Depot  
  113  7:24  Supply Depot  
  113  7:25  SCV x2  
  113  7:29  Marine x2  
  118  7:37  Marine x2, Marauder  
  109  7:52  Marine x2  
  109  7:53  Marauder x2, Liberator  
  108  8:06  Marine x2, Marauder  
  114  8:14  Marauder, Liberator  
  114  8:16  Command Center  
  102  8:24  Marine  
  102  8:25  Marine x2, Marauder  
  96  8:28  Marauder  
  98  8:35  Terran Infantry Armor Level 1, Marauder  
  100  8:45  Marine x2  
  100  8:46  Marine x2, Marauder  
  100  8:47  SCV x2  
  108  8:49  Marauder  
  110  9:00  Marauder  
  108  9:03  Medivac, Marine x3  
  108  9:08  Marauder  
  115  9:10  Marauder  
  110  9:22  Marine x4  
  110  9:23  Marauder  
  113  9:26  Medivac  
  113  9:29  Marauder  
  117  9:33  Marauder  
  107  9:48  Marine x3, Marauder  
  107  9:51  Marauder  
  107  9:54  Marauder  
  107  9:57  Marine  
  108  10:01  Orbital Command, SCV x2  
  108  10:06  Engineering Bay  
  110  10:07  Armory  
  110  10:09  Marauder  
  112  10:14  Marine  
  112  10:15  Marine x3  
  112  10:19  Command Center  
  112  10:20  Medivac  
  116  10:24  Medivac  
  114  10:29  Marauder x2  
  114  10:32  Marauder  
  114  10:34  Factory Tech Lab  
  114  10:35  Liberator  
  120  10:36  Starport, Liberator  
  120  10:41  Marine x2  
  120  10:42  Marine x2  
  124  10:50  Marauder  
  124  10:55  Refinery  
  124  10:56  Terran Infantry Weapons Level 2, Refinery  
  132  11:06  Marine x4  
  132  11:08  Terran Infantry Armor Level 2  
  136  11:16  Missile Turret x2  
  136  11:18  Fusion Core  
  136  11:21  Marauder x2  
  140  11:28  Marine x4  
  140  11:30  Supply Depot  
  140  11:31  Liberator x2  
  140  11:32  Supply Depot  
  144  11:37  Liberator  
  148  12:00  Orbital Command  
  151  12:03  Marine x4  
  151  12:04  Marauder x3  
  161  12:09  Advanced Ballistics  
  161  12:11  Missile Turret  
  160  12:23  Marine x4  
  160  12:24  Liberator x2  
  160  12:25  Terran Ship Weapons Level 1  
  160  12:26  Liberator  
  160  12:29  Marauder x3  
  170  12:36  Refinery  
  169  12:57  Marine x2  
  169  12:58  Marine x2, Marauder x2  
  175  13:05  SCV x3  
  177  13:08  SCV  
  177  13:19  Liberator x2  
  174  13:25  SCV x2  
  174  13:26  SCV  
  170  13:37  SCV x2  
  178  13:54  Liberator  
  159  14:04  Marine x2, Marauder  
  159  14:09  Terran Infantry Weapons Level 3  
  163  14:10  Marine x2, Marauder  
  163  14:11  Marauder  
  172  14:22  Marine  
  169  14:26  Marine, Marauder  
  169  14:28  Marine, SCV x3  
  164  14:32  Marauder  
  159  14:49  Marine x2, Marauder x2  
  160  14:59  Marine, Marauder  
  131  15:14  Marine x2, Marauder x2  
  127  15:18  Liberator x3  
  127  15:21  Marauder  
  129  15:25  Marine  
  125  15:30  SCV x3  
  136  15:35  Marauder  
  136  15:37  Marine x2  
  120  15:52  Marine  
  120  15:53  Marine, Marauder x2  
  124  15:57  Marine  
  124  15:58  Marauder  
  124  16:08  Marine  
  124  16:10  Marine  
  120  16:11  Marine  
  120  16:14  Marauder  
  120  16:22  Marine  
  120  16:23  Marine, Marauder  
  120  16:24  Viking  
  119  16:25  Marine  
  110  16:43  Marine x3  
  110  16:44  Marine, SCV x2  
  110  16:45  SCV  
  116  16:51  Marauder  
  116  16:52  Marauder x2  
  122  17:01  Marine x3  
  120  17:10  Marine  
  120  17:13  Marine, Marauder x2  
  126  17:19  Marine  
  126  17:22  Marine x2  
Show
View Real Time Build Order
Export as new Build Order

desRow Protoss 

Build Orders: 1 Gate Expand 

Get SALT Encoding   

  12  0:01  Probe (Chrono Boost)  
  13  0:11  Probe (Chrono Boost)  
  14  0:17  Pylon  
  14  0:22  Probe (Chrono Boost)  
  15  0:35  Probe (Chrono Boost)  
  16  0:37  Gateway  
  16  0:42  Assimilator  
  16  0:46  Probe (Chrono Boost)  
  17  0:56  Probe (Chrono Boost)  
  18  1:07  Probe (Chrono Boost)  
  19  1:22  Nexus  
  19  1:33  Cybernetics Core  
  19  1:35  Probe (Chrono Boost)  
  20  1:42  Assimilator  
  20  1:48  Pylon  
  20  1:53  Probe (Chrono Boost)  
  21  2:04  Probe (Chrono Boost)  
  21  2:06  Adept  
  22  2:09  Warp Gate  
  25  2:16  Probe (Chrono Boost)  
  25  2:23  Robotics Facility  
  25  2:28  Probe (Chrono Boost)  
  26  2:36  Probe (Chrono Boost)  
  28  2:44  Probe (Chrono Boost)  
  28  2:45  Stalker  
  28  2:47  Probe (Chrono Boost)  
  31  2:54  Probe (Chrono Boost)  
  31  2:57  Probe (Chrono Boost)  
  34  3:05  Probe (Chrono Boost)  
  34  3:08  Observer, Probe (Chrono Boost)  
  34  3:11  Twilight Council  
  36  3:18  Probe (Chrono Boost)  
  37  3:20  Probe (Chrono Boost)  
  38  3:27  Pylon  
  38  3:29  Probe (Chrono Boost)  
  38  3:31  Mothership Core (Chrono Boost)  
  41  3:36  Gateway  
  41  3:38  Gateway  
  41  3:40  Probe (Chrono Boost)  
  42  3:49  Probe (Chrono Boost)  
  42  3:50  Immortal  
  42  3:52  Probe (Chrono Boost)  
  48  4:00  Assimilator, Probe (Chrono Boost)  
  49  4:04  Assimilator  
  49  4:06  Pylon  
  49  4:08  Blink  
  49  4:17  Probe (Chrono Boost)  
  49  4:18  Probe (Chrono Boost)  
  50  4:24  Immortal  
  50  4:28  Probe (Chrono Boost)  
  55  4:38  Stalker x2  
  59  4:40  Stalker  
  59  4:45  Pylon  
  62  4:46  Probe (Chrono Boost)  
  62  4:58  Pylon  
  62  5:12  Adept x3  
  60  5:14  Immortal  
  64  5:24  Probe (Chrono Boost)  
  64  5:25  Probe (Chrono Boost)  
  66  5:32  Stalker  
  66  5:33  Stalker x2  
  68  5:51  Nexus  
  68  5:53  Pylon  
  68  5:59  Forge  
  68  6:01  Sentry  
  68  6:02  Resonating Glaives, Pylon, Stalker x2  
  74  6:06  Pylon  
  74  6:10  Probe (Chrono Boost)  
  76  6:11  Probe (Chrono Boost)  
  76  6:16  Pylon  
  76  6:17  Observer  
  77  6:21  Probe (Chrono Boost)  
  77  6:24  Probe (Chrono Boost)  
  79  6:28  Protoss Ground Weapons Level 1  
  79  6:36  Photon Cannon, Gateway x2  
  79  6:41  Sentry  
  79  6:43  Stalker  
  79  6:46  Stalker  
  85  6:53  Immortal  
  89  7:03  Pylon  
  89  7:14  Adept x3  
  89  7:27  Immortal  
  89  7:32  Adept x2  
  97  7:37  Adept x3  
  93  7:55  Stalker x2  
  93  7:59  Adept x3  
  93  8:01  Immortal  
  93  8:19  Stalker x5  
  81  8:39  Immortal, Gateway  
  80  8:45  Adept x5  
  94  8:49  Pylon  
  90  9:07  Stalker x4  
  92  9:24  Immortal, Adept  
  88  9:39  Protoss Ground Armor Level 1  
  88  9:44  Stalker x5  
  78  10:00  Immortal  
  78  10:01  Probe (Chrono Boost)  
  78  10:02  Probe (Chrono Boost)  
  84  10:07  Sentry x3  
  84  10:09  Adept  
  84  10:11  Adept  
  94  10:14  Adept  
  96  10:37  Stalker x5  
  96  10:41  Photon Cannon  
  108  10:43  Probe (Chrono Boost)  
  108  10:44  Probe (Chrono Boost)  
  108  10:45  Immortal  
  108  10:56  Pylon  
  112  10:58  Assimilator  
  112  11:03  Probe (Chrono Boost)  
  112  11:04  Probe x2 (Chrono Boost)  
  115  11:06  Assimilator  
  115  11:15  Probe (Chrono Boost)  
  116  11:21  Robotics Bay  
  116  11:25  Warp Prism  
  116  11:29  Protoss Ground Weapons Level 2  
  116  11:32  Adept  
  120  11:38  Adept  
  122  11:43  Probe x2 (Chrono Boost)  
  122  11:44  Probe (Chrono Boost)  
  125  11:48  Templar Archives  
  125  11:50  Forge  
  125  12:05  Charge  
  125  12:06  Disruptor  
  125  12:13  Adept x5  
  125  12:14  Adept  
  140  12:37  Disruptor  
  140  12:42  Nexus  
  143  12:52  Adept  
  143  12:53  Adept x2  
  149  13:01  Pylon  
  149  13:04  Pylon  
  141  13:21  Protoss Ground Armor Level 2, Stargate x2  
  141  13:25  Assimilator  
  141  13:26  Psionic Storm  
  141  13:30  Assimilator  
  141  13:32  Disruptor  
  140  13:36  Photon Cannon  
  140  13:38  Photon Cannon  
  129  14:06  Adept x6  
  141  14:19  Fleet Beacon  
  131  14:39  Stalker x5  
  125  15:08  Adept x3  
  125  15:09  Adept x3  
  125  15:13  Tempest x2  
  112  15:30  Adept x5  
  112  15:31  Adept  
  84  15:50  Stalker x3  
  84  15:52  Adept x3  
  84  15:54  Disruptor  
  85  16:15  Adept x4  
  85  16:16  Zealot x2  
  64  16:37  Zealot x2, Stalker x3  
  64  16:40  Immortal  
  64  16:41  Stalker  
  68  16:47  Pylon  
  68  16:48  Pylon  
  62  17:00  Probe x2 (Chrono Boost)  
  64  17:06  Zealot x5  
Tags
 
Add a new tag
Caveats
  • Supply blocks, unpowered buildings, or Contaminate may cause inaccurate times.
  • Supply counts are checked every 10 seconds.